NWL (28 & UNDER)
MENLO MANIACS @ CULVER CITY EXTRAS
08/05/2029
 
TOP OF THE 1ST
Menlo Maniacs batting - Pitching for Culver City Extras : RHP Juan Rojas
Pitching: RHP Juan Rojas
Batting: SHB Ryan Holcomb 0-0: Called Strike
0-1: Ball
1-1: Ball
2-1: Ground out 6-3 (Groundball, 56)
Batting: LHB Bernardo Rodríguez 0-0: Ball
1-0: Foul Ball, location: 2F
1-1: Foul Ball, location: 2F
1-2: Foul Ball, location: 2F
1-2: Foul Ball, location: 2F
1-2: Fly out, F8 (Flyball, 78D)
Batting: LHB Bob Campbell 0-0: Called Strike
0-1: Swinging Strike
0-2: Ball
1-2: Strikes out swinging
Top of the 1st over - 0 runs, 0 hits, 0 errors, 0 left on base; Menlo 0 - Culver City 0
BOTTOM OF THE 1ST
Culver City Extras batting - Pitching for Menlo Maniacs : LHP Patrick Carlson
Pitching: LHP Patrick Carlson
Batting: RHB Horace Johnson 0-0: Fly out, F9 (Flyball, 9LMF)
Batting: LHB Juan Hinojosa 0-0: Called Strike
0-1: Ball
1-1: Ground out 4-3 (Groundball, 4)
Batting: LHB Ernesto Meléndez 0-0: Ball
1-0: Ball
2-0: Ball
3-0: Called Strike
3-1: Base on Balls
Batting: RHB Dave Anderson 0-0: SINGLE (Groundball, 4MD)
Ernesto Meléndez to second
Runner from 2nd tries for 3rd, SAFE, throw made at trailing runner, OUT!
Bottom of the 1st over - 0 runs, 1 hit, 0 errors, 1 left on base; Menlo 0 - Culver City 0
TOP OF THE 2ND
Menlo Maniacs batting - Pitching for Culver City Extras : RHP Juan Rojas
Batting: RHB Eleuterio Supardo 0-0: Ball
1-0: Ball
2-0: Reached on error, E5 (Groundball, 56S)
Batting: RHB Joe Noble 0-0: Ball
1-0: Called Strike
1-1: Swinging Strike
1-2: Ball
2-2: Foul Ball, location: 2F
2-2: Ball
3-2: Strikes out looking
Batting: RHB Gerald Miller 0-0: Called Strike
0-1: Ball
1-1: Called Strike
1-2: Strikes out swinging
Batting: RHB Currito Campos 0-0: Ball
1-0: Ball
2-0: Swinging Strike
2-1: SINGLE (Groundball, 6M) (infield hit)
Eleuterio Supardo to third
Batting: LHB Ken Smith 0-0: Fielders Choice at 2nd, 6-4 (Groundball, 6MD)
Top of the 2nd over - 0 runs, 1 hit, 1 error, 2 left on base; Menlo 0 - Culver City 0
BOTTOM OF THE 2ND
Culver City Extras batting - Pitching for Menlo Maniacs : LHP Patrick Carlson
Batting: RHB Marcos Liñares 0-0: Ground out 5-3 (Groundball, 56)
Batting: LHB Richard Bell 0-0: Called Strike
0-1: Swinging Strike
0-2: SINGLE (Groundball, 3D)
Batting: SHB Joey Boyd 0-0: Ball
1-0: Ball
2-0: Ball
3-0: Base on Balls
Richard Bell to second
Batting: LHB Ramiro Venegas 0-0: Ball
1-0: Ball
2-0: Ball
3-0: Called Strike
3-1: Base on Balls
Richard Bell to third
Joey Boyd to second
Batting: LHB Francisco Chavero 0-0: Foul Ball, location: 2F
0-1: Swinging Strike
0-2: Grounds into double play, 4-6-3 (Groundball, 4)
Bottom of the 2nd over - 0 runs, 1 hit, 0 errors, 2 left on base; Menlo 0 - Culver City 0
TOP OF THE 3RD
Menlo Maniacs batting - Pitching for Culver City Extras : RHP Juan Rojas
Batting: RHB Glenn Carter 0-0: Ball
1-0: Fly out, F8 (Flyball, 8RM)
Batting: SHB Ryan Holcomb 0-0: SINGLE (Groundball, 13) (infield hit)
Batting: LHB Bernardo Rodríguez 0-0: Ball
1-0: Called Strike
1-1: Called Strike
Ryan Holcomb steals 2nd base
1-2: Ball
2-2: Ball
3-2: Base on Balls
Batting: LHB Bob Campbell 0-0: Ball
Ryan Holcomb steals 3rd base
Bernardo Rodríguez to second
1-0: SINGLE (Groundball, 6) (infield hit)
Ryan Holcomb scores
Bernardo Rodríguez to third
Batting: RHB Eleuterio Supardo 0-0: Ball
1-0: Ball
2-0: Called Strike
2-1: Called Strike
2-2: Grounds into double play, 6-4-3 (Groundball, 6)
Top of the 3rd over - 1 run, 2 hits, 0 errors, 1 left on base; Menlo 1 - Culver City 0
BOTTOM OF THE 3RD
Culver City Extras batting - Pitching for Menlo Maniacs : LHP Patrick Carlson
Batting: RHB Horace Johnson 0-0: Called Strike
0-1: Foul Ball, location: 2F
0-2: Ball
1-2: Ball
2-2: Foul Ball, location: 2F
2-2: Foul Ball, location: 2F
2-2: Ball
3-2: SINGLE (Groundball, 6S) (infield hit)
Batting: LHB Juan Hinojosa 0-0: Ball
1-0: Foul Ball, location: 2F
1-1: Ball
2-1: Ground out 4-3 (Groundball, 34D)
Horace Johnson to second
Batting: LHB Ernesto Meléndez 0-0: Ball
1-0: Ball
2-0: Ball
3-0: Called Strike
3-1: Swinging Strike
3-2: Base on Balls
Batting: RHB Dave Anderson 0-0: Ball
1-0: Fly out, F7 (Flyball, 7S)
Batting: RHB Marcos Liñares 0-0: Called Strike
0-1: Called Strike
0-2: Ball
1-2: Ball
2-2: Foul Ball, location: 2F
2-2: Foul Ball, location: 2F
2-2: SINGLE (Line Drive, 6M)
Horace Johnson to third
Ernesto Meléndez to second
Runner from 3rd tries for Home, SAFE, no throw
Batting: LHB Richard Bell 0-0: Ball
1-0: Foul Ball, location: 2F
1-1: Ball
2-1: Fly out, F8 (Flyball, 8RD)
Bottom of the 3rd over - 1 run, 2 hits, 0 errors, 2 left on base; Menlo 1 - Culver City 1
TOP OF THE 4TH
Menlo Maniacs batting - Pitching for Culver City Extras : RHP Juan Rojas
Batting: RHB Joe Noble 0-0: Ball
1-0: Called Strike
1-1: Foul Ball, location: 2F
1-2: Ball
2-2: Foul Ball, location: 2F
2-2: SINGLE (Groundball, 6MD)
Batting: RHB Gerald Miller 0-0: Called Strike
0-1: Ball
1-1: Swinging Strike
1-2: Ball
2-2: SINGLE (Line Drive, 9LS)
Joe Noble to second
Batting: RHB Currito Campos 0-0: Ball
1-0: Ball
2-0: Ball
3-0: Base on Balls
Joe Noble to third
Gerald Miller to second
Batting: LHB Ken Smith 0-0: Called Strike
0-1: Ball
1-1: Fly out, F8 (Flyball, 8LS)
Batting: RHB Glenn Carter 0-0: Ball
1-0: Fly out, F4 (Popup, 4M)
Batting: SHB Ryan Holcomb 0-0: Foul Ball, location: 2F
0-1: Ball
1-1: Called Strike
1-2: Ground out 5-3 (Groundball, 5S)
Top of the 4th over - 0 runs, 2 hits, 0 errors, 3 left on base; Menlo 1 - Culver City 1
BOTTOM OF THE 4TH
Culver City Extras batting - Pitching for Menlo Maniacs : LHP Patrick Carlson
Batting: SHB Joey Boyd 0-0: Ball
1-0: Ball
2-0: Ground out 4-3 (Groundball, 4M)
Batting: LHB Ramiro Venegas 0-0: Called Strike
0-1: Ball
1-1: Ball
2-1: Foul Ball, location: 2F
2-2: Foul Ball, location: 2F
2-2: Ground out 3-1 (Groundball, 34S)
Batting: LHB Francisco Chavero 0-0: Ball
1-0: Ball
2-0: Called Strike
2-1: Foul Ball, location: 2F
2-2: Strikes out looking
Bottom of the 4th over - 0 runs, 0 hits, 0 errors, 0 left on base; Menlo 1 - Culver City 1
TOP OF THE 5TH
Menlo Maniacs batting - Pitching for Culver City Extras : RHP Juan Rojas
Batting: LHB Bernardo Rodríguez 0-0: Fly out, F8 (Flyball, 8LD)
Batting: LHB Bob Campbell 0-0: Called Strike
0-1: Swinging Strike
0-2: Ball
1-2: Ground out 4-3 (Groundball, 4)
Batting: RHB Eleuterio Supardo 0-0: Ball
1-0: Called Strike
1-1: Foul Ball, location: 2F
1-2: Strikes out swinging
Top of the 5th over - 0 runs, 0 hits, 0 errors, 0 left on base; Menlo 1 - Culver City 1
BOTTOM OF THE 5TH
Culver City Extras batting - Pitching for Menlo Maniacs : LHP Patrick Carlson
Batting: RHB Horace Johnson 0-0: Swinging Strike
0-1: Called Strike
0-2: Strikes out swinging
Batting: LHB Juan Hinojosa 0-0: DOUBLE (Flyball, 78D)
Batting: LHB Ernesto Meléndez 0-0: Ball
Juan Hinojosa steals 3rd base
1-0: Called Strike
1-1: Ground out 4-3 (Groundball, 4)
Batting: RHB Dave Anderson 0-0: Fly out, F2 (Popup, 2LF)
Bottom of the 5th over - 0 runs, 1 hit, 0 errors, 1 left on base; Menlo 1 - Culver City 1
TOP OF THE 6TH
Menlo Maniacs batting - Pitching for Culver City Extras : RHP Juan Rojas
Batting: RHB Joe Noble 0-0: SINGLE (Flyball, 78S)
Batting: RHB Gerald Miller 0-0: Fly out, F9 (Flyball, 9D)
Batting: RHB Currito Campos 0-0: Ball
1-0: Ball
2-0: Foul Ball, location: 2F
2-1: Ball
3-1: Swinging Strike
3-2: SINGLE (Line Drive, 7S)
Joe Noble to second
Batting: LHB Ken Smith 0-0: Ball
1-0: Called Strike
1-1: Grounds into double play, 4-6-3 (Groundball, 4)
Top of the 6th over - 0 runs, 2 hits, 0 errors, 1 left on base; Menlo 1 - Culver City 1
BOTTOM OF THE 6TH
Culver City Extras batting - Pitching for Menlo Maniacs : LHP Patrick Carlson
Batting: RHB Marcos Liñares 0-0: Foul Ball, location: 2F
0-1: Fly out, F7 (Flyball, 7S)
Batting: LHB Richard Bell 0-0: Fly out, F7 (Flyball, 7S)
Batting: SHB Joey Boyd 0-0: Ball
1-0: Foul Ball, location: 2F
1-1: SINGLE (Groundball, 56D)
Batting: LHB Ramiro Venegas 0-0: Ball
1-0: Called Strike
1-1: Ball
2-1: Fly out, F8 (Line Drive, 8LD)
Bottom of the 6th over - 0 runs, 1 hit, 0 errors, 1 left on base; Menlo 1 - Culver City 1
TOP OF THE 7TH
Menlo Maniacs batting - Pitching for Culver City Extras : RHP Juan Rojas
Pitching: RHP Ernest Jiménez
Batting: RHB Glenn Carter 0-0: Ball
1-0: Ball
2-0: Foul Ball, location: 2F
2-1: Ball
3-1: Foul Ball, location: 2F
3-2: Foul Ball, location: 2F
3-2: Strikes out swinging
Batting: SHB Ryan Holcomb 0-0: Fly out, F8 (Line Drive, 8RD)
Pitching: LHP Clarence Gill
Pinch Hitting: RHB Jimmy Skinner 0-0: Ground out 6-3 (Groundball, 6)
Top of the 7th over - 0 runs, 0 hits, 0 errors, 0 left on base; Menlo 1 - Culver City 1
BOTTOM OF THE 7TH
Culver City Extras batting - Pitching for Menlo Maniacs : LHP Patrick Carlson
Now at SS: Dani Torres
Batting: LHB Francisco Chavero 0-0: Foul Ball, location: 2F
0-1: Foul Ball, location: 2F
0-2: Ground out U3 (Groundball, 3L)
Batting: RHB Horace Johnson 0-0: Ball
1-0: Called Strike
1-1: Ball
2-1: Swinging Strike
2-2: Ball
3-2: Foul Ball, location: 2F
3-2: Base on Balls
Pinch Hitting: SHB Norberto Muñóz 0-0: Ball
1-0: Ball
Horace Johnson steals 2nd base
2-0: Intentional Walk
Batting: LHB Ernesto Meléndez 0-0: Ball
Horace Johnson steals 3rd base
1-0: Foul Ball, location: 2F
1-1: Foul Ball, location: 2F
1-2: Ball
2-2: Ball
Norberto Muñóz is caught stealing 2nd base
3-2: SINGLE (Line Drive, 8RS)
Horace Johnson scores
Batting: RHB Dave Anderson 0-0: Called Strike
0-1: Ball
1-1: Ball
2-1: Called Strike
2-2: Ball
3-2: Foul Ball, location: 2F
3-2: SINGLE (Flyball, 3D)
Ernesto Meléndez to second
Ernesto Meléndez to third
Pitching: LHP Marc Sizemore
Batting: RHB Marcos Liñares 0-0: Ball
1-0: Fly out, F9 (Flyball, 9D)
Bottom of the 7th over - 1 run, 2 hits, 0 errors, 2 left on base; Menlo 1 - Culver City 2
TOP OF THE 8TH
Menlo Maniacs batting - Pitching for Culver City Extras : LHP Clarence Gill
Now at 1B: Norberto Muñóz
Batting: LHB Bob Campbell 0-0: Called Strike
0-1: Swinging Strike
0-2: Fly out, F9 (Flyball, 9LM)
Pitching: LHP Henry Brown
Batting: RHB Eleuterio Supardo 0-0: Ball
1-0: Called Strike
1-1: Foul Ball, location: 2F
1-2: Foul Ball, location: 2F
1-2: SINGLE (Flyball, 9LS)
Pinch Runner at 1st William Rogers:
Batting: RHB Joe Noble 0-0: Ball
1-0: SINGLE (Flyball, 8RS)
William Rogers to second
Runner from 2nd tries for 3rd, SAFE, no throw
Batting: RHB Gerald Miller 0-0: Called Strike
0-1: Swinging Strike
0-2: Ball
1-2: Ball
2-2: Foul Ball, location: 2F
2-2: SINGLE (Line Drive, 8RS)
William Rogers scores
Joe Noble to second
Batting: RHB Currito Campos 0-0: Ball
1-0: Ball
2-0: Ball
3-0: Called Strike
3-1: SINGLE (Line Drive, 6MD)
Joe Noble to third
Gerald Miller to second
Runner from 3rd tries for Home, SAFE, no throw
Pinch Hitting: RHB Clinton Barton 0-0: Foul Ball, location: 2F
0-1: Called Strike
0-2: Ball
1-2: Ball
2-2: Ball
3-2: Strikes out looking
Batting: RHB Glenn Carter 0-0: Ball
1-0: Ball
2-0: Swinging Strike
2-1: Fly out, F8 (Line Drive, 8RD)
Top of the 8th over - 2 runs, 4 hits, 0 errors, 2 left on base; Menlo 3 - Culver City 2
BOTTOM OF THE 8TH
Culver City Extras batting - Pitching for Menlo Maniacs : LHP Marc Sizemore
Now at SS: William Rogers
Now in LF: Clinton Barton
Batting: LHB Richard Bell 0-0: Called Strike
0-1: Ball
1-1: SINGLE (Flyball, 78S)
Pitching: RHP Wayne Williams
Pinch Runner at 1st Jamie Swyers:
Pinch Hitting: LHB Tony Smith 0-0: Ball
1-0: Ball
2-0: Foul Ball, location: 2F
2-1: Ball
3-1: Foul Ball, location: 2F
3-2: Strikes out swinging
Batting: LHB Ramiro Venegas 0-0: Called Strike
0-1: Ball
1-1: Grounds into double play, 4-6-3 (Groundball, 4)
Bottom of the 8th over - 0 runs, 1 hit, 0 errors, 0 left on base; Menlo 3 - Culver City 2
TOP OF THE 9TH
Menlo Maniacs batting - Pitching for Culver City Extras : LHP Henry Brown
Now at 3B: Trey Fitzpatrick
Now in CF: Jason McIntosh
Batting: SHB Ryan Holcomb 0-0: Called Strike
0-1: Ball
1-1: Called Strike
1-2: Ball
2-2: Ball
3-2: Strikes out looking
Batting: RHB Dani Torres 0-0: Fly out, F7 (Flyball, 7LM)
Batting: LHB Bob Campbell 0-0: Ball
1-0: Ball
2-0: Fly out, F7 (Flyball, 78S)
Top of the 9th over - 0 runs, 0 hits, 0 errors, 0 left on base; Menlo 3 - Culver City 2
BOTTOM OF THE 9TH
Culver City Extras batting - Pitching for Menlo Maniacs : RHP Wayne Williams
Pitching: RHP Juan Sánchez
Now in CF: Joe Smith
Pinch Hitting: LHB Iván Espinosa 0-0: Called Strike
0-1: Ball
1-1: Ball
2-1: Swinging Strike
2-2: Foul Ball, location: 2F
2-2: Foul Ball, location: 2F
2-2: Ball
3-2: Fly out, F7 (Flyball, 7LM)
Batting: RHB Horace Johnson 0-0: Called Strike
0-1: Single, Error in OF, E9, batter to second base
Batting: SHB Norberto Muñóz 0-0: Ball
1-0: Called Strike
1-1: Ground out 6-3 (Groundball, 6M)
Horace Johnson to third
Batting: LHB Ernesto Meléndez 0-0: Called Strike
0-1: Ball
1-1: Ball
2-1: Ball
3-1: Base on Balls
Batting: RHB Dave Anderson 0-0: Called Strike
0-1: Ball
1-1: Swinging Strike
1-2: Ball
2-2: SINGLE (Groundball, 34D)
Horace Johnson scores
Ernesto Meléndez to second
Runner from 2nd tries for 3rd, SAFE, no throw
Batting: RHB Marcos Liñares 0-0: Ball
1-0: Fly out, F9 (Flyball, 89D)
Bottom of the 9th over - 1 run, 2 hits, 1 error, 2 left on base; Menlo 3 - Culver City 3
TOP OF THE 10TH
Menlo Maniacs batting - Pitching for Culver City Extras : LHP Henry Brown
Now at C: Jesús Herrera
Batting: RHB William Rogers 0-0: Foul Ball, location: 2F
0-1: Ball
1-1: Ground out 5-3 (Groundball, 56)
Batting: RHB Joe Noble 0-0: Swinging Strike
0-1: Fly out, F9 (Flyball, 9LM)
Batting: RHB Gerald Miller 0-0: Foul Ball, location: 2F
0-1: Swinging Strike
0-2: SINGLE (Groundball, 6MD)
Batting: RHB Currito Campos 0-0: Foul Ball, location: 2F
0-1: Swinging Strike
0-2: Ball
Gerald Miller steals 2nd base
1-2: SINGLE (Groundball, 4MD)
Gerald Miller to third
Runner from 3rd tries for Home, SAFE, no throw
Pitching: RHP José García
Pinch Hitting: LHB Alonso Carbajal 0-0: Called Strike
0-1: Ball
1-1: Ball
2-1: Swinging Strike
2-2: Ball
3-2: Strikes out swinging
Top of the 10th over - 1 run, 2 hits, 0 errors, 1 left on base; Menlo 4 - Culver City 3
BOTTOM OF THE 10TH
Culver City Extras batting - Pitching for Menlo Maniacs : RHP Juan Sánchez
Pitching: RHP Wayne Todd
Now in LF: Alonso Carbajal
Batting: LHB Trey Fitzpatrick 0-0: Ball
1-0: Foul Ball, location: 2F
1-1: Ball
2-1: Foul Ball, location: 2F
2-2: Strikes out looking
Batting: RHB Jason McIntosh 0-0: Foul Ball, location: 2F
0-1: Foul Ball, location: 2F
0-2: Foul Ball, location: 2F
0-2: Ball
1-2: Strikes out swinging
Batting: LHB Ramiro Venegas 0-0: Ball
1-0: Called Strike
1-1: Ball
2-1: Foul Ball, location: 2F
2-2: Strikes out looking
Bottom of the 10th over - 0 runs, 0 hits, 0 errors, 0 left on base; Menlo 4 - Culver City 3
Saturday, December 16th, 2017 - OOTP Baseball 18.8 Build 76